 Dungeon Crawl Stone Soup version 0.30-a0-622-gddc90eaa04 (webtiles) character file.

Game seed: 17740483795964792185

34 IdlyInterested the Chopper (level 3, -1/28 HPs)
             Began as a Demonspawn Gladiator on Jan 10, 2023.
             Slain by an orc wizard
             ... wielding a +0 dagger
              (3 damage)
             ... on level 2 of the Dungeon.
             The game lasted 00:03:15 (1207 turns).

IdlyInterested the Chopper (Demonspawn Gladiator)   Turns: 1207, Time: 00:03:16

Health: -1/28      AC:  5    Str: 16    XL:     3   Next: 14%
Magic:  3/3        EV: 13    Int:  9    God:
Gold:   81         SH:  0    Dex: 20    Spells: 2/2 levels left

rFire   . . .      SeeInvis .    a - +0 war axe
rCold   . . .      Faith    .    (no shield)
rNeg    . . .      Spirit   .    b - +0 leather armour
rPois   .          Reflect  .    c - +1 helmet
rElec   .          Harm     .    f - scarf {shadows}
rCorr   .          Rampage  .    (no gloves)
Will    .....                    (no boots)
Stlth   ++                       (no amulet)
HPRegen 0.24/turn                i - +6 ring of dexterity
MPRegen 0.08/turn                (no ring)

@: mighty, flying
A: weakness stinger 1
a: no special abilities


You were on level 2 of the Dungeon.
You visited 1 branch of the dungeon, and saw 2 of its levels.

You collected 81 gold pieces.

Inventory:

Hand Weapons
 a - a +0 war axe (weapon)
Missiles
 d - 3 throwing nets (quivered)
 e - a javelin
 h - 5 curare-tipped darts
 m - 6 silver javelins
Armour
 b - a +0 leather armour (worn)
 c - a +1 helmet (worn)
 f - a scarf of shadows (worn)
Magical Staves
 j - a staff of death
Jewellery
 i - a +6 ring of dexterity (left hand)


   Skills:
 * Level 2.5 Fighting
 + Level 3.3 Axes
 - Level 1.7 Throwing
 * Level 0.1 Armour
 - Level 2.6 Dodging
 - Level 1.0 Stealth


You had 2 spell levels left.
You didn't know any spells.
Your spell library was empty.

Dungeon Overview and Level Annotations

Branches:
Dungeon (2/15)

Altars:

Shops:
D:1 [::


Innate Abilities, Weirdness & Mutations

You have a small tail.


Message History

An orc comes into view. It is wielding a +0 club.
You hit the orc.
The orc is lightly wounded.
The orc hits you with a +0 club.
You hit the orc. You tail-slap the orc.
You kill the orc!
You hear some strange, mumbled words.
Something hits you.
You hear some strange, mumbled words.
You closely miss something.
Your tail-slap misses something.
Something hits you but does no damage.
You closely miss something. You closely miss something. Something hits you.
You hear some strange, mumbled words.
You barely miss something.
Your tail-slap misses something.
Something hits you but does no damage.
You hear some strange, mumbled words.
A puff of flame appears from out of thin air!
The puff of flame hits something!
Something hits you.
You hit something. Something hits you.
You miss something. Something hits you but does no damage.
You miss something. Something hits you. Something hits you but does no damage.
You miss something.
Your tail-slap misses something.
You hear some strange, mumbled words.
A magic dart appears from out of thin air!
The magic dart hits you.
You hear some strange, mumbled words. x2
A puff of flame appears from out of thin air!
The puff of flame hits you!
* * * LOW HITPOINT WARNING * * *
It was a potion of might.
You feel very mighty all of a sudden.
A goblin comes into view. It is wielding a +0 dagger.
Something barely misses you.
A magic dart appears from out of thin air!
The magic dart hits something!
It was a potion of flight.
You feel very buoyant.
You fly up into the air.
Something hits you.
You die...

#........# #........#
#........# ......
#........# ......
#........# ...g..
#.....†..# ......
#...[....# .o....
#........########oo....
######.........@{{{....
########..##############
..##.......#
...........#
...........##
..............
..............
...........##..
...........# #.


You could see 3 orcs and a goblin.

Vanquished Creatures
  An adder (D:2)
  2 orcs (D:2)
  4 endoplasms
  3 goblins (D:1)
  A quokka (D:1)
  2 ball pythons (D:1)
  5 bats
  3 frilled lizards (D:1)
  A kobold (D:1)
  3 rats
25 creatures vanquished.

Notes
Turn   | Place    | Note
-------+----------+-------------------------------------------
     0 | D:1      | IdlyInterested the Demonspawn Gladiator began the quest for
                  | the Orb.
     0 | D:1      | Reached XP level 1. HP: 16/16 MP: 1/1
   136 | D:1      | Found Plog's Book Emporium.
   217 | D:1      | Found Xupi's Armour Shoppe.
   292 | D:1      | Reached skill level 3 in Axes
   292 | D:1      | Gained mutation: You have a small tail. [demonic ancestry]
   292 | D:1      | Reached XP level 2. HP: 20/22 MP: 2/2
   479 | D:1      | Found Imacaocu's Book Boutique.
  1035 | D:2      | Reached skill level 1 in Stealth
  1047 | D:2      | Reached XP level 3. HP: 25/28 MP: 3/3
  1205 | D:2      | HP: 1/28 [something/puff of flame (10)]
  1207 | D:2      | Slain by an orc wizard

Illustrated notes

Levels and vault maps discovered:
D:1:      saegor_arrival_under_anarchy, layout_loops_ring, serial_shops, shop,
          nicolae_shop_window_shopping, nicolae_lakefront_shop,
          nicolae_concentric_dashed_squares_wild
D:2:      layout_rooms, basic_altar, minmay_misc_feat_tiny

Skill      XL: |  1  2 |
---------------+-------+-----
Axes           | 3 |  3.3
Stealth        | 1 |  1.0
Fighting       | |  2.5
Throwing       | |  1.7
Armour         | |  0.1
Dodging        | |  2.6

Action                   || total
-------------------------++-------
Melee: War axe           ||    68
       Tailslap          ||     2
  Use: Scroll            ||     2
       Potion            ||     2
 Stab: Sleeping          ||     2
Armor: Leather armour    ||    26
Dodge: Dodged            ||    45

Table legend: (Time is in decaauts)
 A = Elapsed time spent in this place.
 B = Non-inter-level travel time spent in this place.
 C = Inter-level travel time spent in this place.
 D = Time resting spent in this place.
 E = Time spent auto-exploring this place.
 F = Levels seen in this place.
 G = Mean time per level.
                   A        B        C        D        E       F      G
               +--------+--------+--------+--------+--------+-----+--------+
         Total |   1231 |   1060 |    171 |      0 |    766 |   2 |  615.5 |
       Dungeon |   1231 |   1060 |    171 |      0 |    766 |   2 |  615.5 |
               +--------+--------+--------+--------+--------+-----+--------+

Top non-repeatable levels by time:
     D:1: 1099 daAuts
     D:2: 131 daAuts
